 Dungeon Crawl Stone Soup version 0.21.1-1-g345015fe64 (webtiles) character file.

40 Loge the Ruffian (level 3, -6/28 HPs)
             Began as a Draconian Transmuter on July 17, 2018.
             Mangled by an iguana (12 damage)
             ... on level 1 of the Dungeon.
             The game lasted 00:03:54 (1610 turns).

Loge the Ruffian (Draconian Transmuter)             Turns: 1610, Time: 00:03:55

Health: -6/28      AC:  5    Str: 12    XL:     3   Next: 30%
Magic:  4/6        EV: 12    Int: 14    God:
Gold:   103        SH:  0    Dex: 11    Spells: 3/6 levels left

rFire    . . .     SeeInvis .     - Unarmed
rCold    . . .     Gourm    .   (no shield)
rNeg     . . .     Faith    .   (armour unavailable)
rPois    .         Spirit   .   (helmet restricted)
rElec    .         Reflect  .   (no cloak)
rCorr    .         Harm     .   (no gloves)
MR       .....                  (no boots)
Stlth    +.........             (no amulet)
HPRegen  0.09/turn              (no ring)
MPRegen  0.10/turn              (no ring)

@: no status effects
A: unfitting armour, cold-blooded, AC +5
a: no special abilities


You were on level 1 of the Dungeon.
You were hungry.

You visited 1 branch of the dungeon, and saw 2 of its levels.

You collected 103 gold pieces.

Inventory:

Missiles
 a - 62 arrows
 g - 2 curare-tipped needles
 m - 25 stones (quivered)
Armour
 j - a +0 buckler
Jewellery
 f - an uncursed ring of see invisible {unknown}
 o - an uncursed ring of protection from magic {unknown}
Scrolls
 d - a scroll of remove curse {unknown}
 e - 2 scrolls of teleportation {unknown}
 i - a scroll of identify {unknown}
 k - a scroll of blinking {unknown}
 l - 2 scrolls of magic mapping {unknown}
 p - a scroll of enchant armour {unknown}
Potions
 h - a potion of flight {unknown}
 n - a potion of mutation {unknown}
 r - a potion of magic {unknown}
Books
 b - a book of Changes

   Spells                             Type                      Level
   a - Beastly Appendage              Transmutation                1
   b - Sticks to Snakes               Transmutation                2
   c - Spider Form                    Transmutation/Poison         3
   d - Ice Form                       Ice/Transmutation            4
   e - Blade Hands                    Transmutation                5
Comestibles
 c - 3 rations


   Skills:
 - Level 1.1 Fighting
 - Level 1.7 Dodging
 * Level 3.5 Unarmed Combat
 - Level 2.0 Spellcasting
 + Level 3.2 Transmutations


You had 3 spell levels left.
You knew the following spells:

 Your Spells              Type           Power        Failure   Level  Hunger
a - Beastly Appendage     Tmut           ##....       6%          1    ##.....
b - Sticks to Snakes      Tmut           ##......     10%         2    ###....


Dungeon Overview and Level Annotations

Branches:
Dungeon (2/15)

Altars:


Innate Abilities, Weirdness & Mutations

Your plain brown scales are hard. (AC +5)
You cannot fit into any form of body armour.
You are cold-blooded and may be slowed by cold attacks.


Message History

You hit the orc.
You kill the orc!
Your talons disappear.
The iguana bites you.
* * * LOW HITPOINT WARNING * * *
You hit the iguana but do no damage. The iguana bites you.
* * * LOW HITPOINT WARNING * * *
You hit the iguana but do no damage. The iguana misses you.
A giant cockroach comes into view.
The iguana completely misses you.
You climb upwards.
There is a stone staircase leading down here.
Press: ? - help, v - describe, . - travel
Here: an iguana The floor.
You are feeling hungry.
Casting: Beastly Appendage
Confirm with . or Enter, or press ? or * to list all spells.
You create a snake!
You now have 62 arrows.
The iguana bites you!
You die...

##################
#######................###
#........>...............##
#.#####....##.####........#
###.######.#.##.# #.....>..#
...........#.##.####.....)..#
.##.######......@lS.........#
.##.##
#.#......##........#####
.....#
#................#......
.##.##
#.####.#.##........#####
.#### #.# #....#..##.#.#.....
.# #.# #..#.......#.#.####
.### #.# #....#..####.#.#
...# #.# #.#............#
...# #.# #.#.##..####...#


You could see an iguana and a friendly ball python.

Vanquished Creatures
  2 dart slugs (D:1)
  A leopard gecko (D:1)
  An orc (D:2)
  4 giant cockroaches (D:1)
  5 goblins
  2 hobgoblins (D:1)
  2 jackals (D:1)
  A ball python (D:2)
  5 bats
  A frilled lizard (D:1)
  4 kobolds
  3 rats (D:1)
31 creatures vanquished.

Notes
Turn   | Place    | Note
-------+----------+-------------------------------------------
     0 | D:1      | Loge the Draconian Transmuter began the quest for the Orb.
     0 | D:1      | Reached XP level 1. HP: 16/16 MP: 3/3
   263 | D:1      | Reached XP level 2. HP: 13/23 MP: 3/5
   524 | D:1      | Learned a level 2 spell: Sticks to Snakes
  1089 | D:1      | Reached XP level 3. HP: 28/28 MP: 4/6
  1610 | D:1      | Mangled by an iguana

Skill      XL: |  1  2 |
---------------+-------+-----
Transmutations | 3 |  3.2
Fighting       | |  1.1
Dodging        | |  1.7
Unarmed Combat | |  3.5
Spellcasting   | |  2.0

Action                   || total
-------------------------++-------
Melee: Unarmed           ||   119
       Tailslap          ||    12
       Punch             ||     1
       Kick              ||     8
 Cast: Beastly Appendage ||    10
       Sticks to Snakes  ||     1
 Stab: Sleeping          ||     1
  Eat: Chunk             ||     2
Armor: Skin              ||    55
Dodge: Dodged            ||   110
